 Dungeon Crawl Stone Soup version 0.19.5 (webtiles) character file.

57 miragecloak the Changer (level 4, -3/28 HPs)
             Began as an Octopode Transmuter on Apr 26, 2017.
             Was an Initiate of Ashenzari.
             Slain by an adder (4 damage)
             ... on level 2 of the Dungeon.
             The game lasted 00:01:39 (1684 turns).

miragecloak the Changer (Octopode Transmuter)       Turns: 1684, Time: 00:01:39

Health: -3/28      AC:  1    Str:  9    XL:     4   Next: 0%
Magic:  4/7        EV: 13    Int: 15    God:    Ashenzari [......]
Gold:   27         SH:  0    Dex: 13    Spells: 2 memorised, 3 levels left

rFire  . . .     SeeInvis .       - Unarmed
rCold  . . .     Gourm    .     (no shield)
rNeg   . . .     Faith    .     (helmet restricted)
rPois  .         Spirit   .     (no amulet)
rElec  .         Reflect  .     (no ring)
rCorr  .         Harm     .     (no ring)
MR     .....                    (no ring)
Stlth  ++........               (no ring)
                                (no ring)
                                (no ring)
                                (no ring)
                                (no ring)

@: confused, lethally poisoned (-3 -> -6), very slightly contaminated
A: almost no armour, stealthy swim, amphibious, 8 rings, constrict 8, camouflage
1, gelatinous body 1
a: Curse Item, Renounce Religion


You were on level 2 of the Dungeon.
You worshipped Ashenzari.
Ashenzari was noncommittal.
You were very hungry.

You visited 1 branch of the dungeon, and saw 2 of its levels.

You collected 27 gold pieces.

Inventory:

Missiles
 a - 58 arrows
Scrolls
 d - 3 scrolls of identify {unknown}
 f - a scroll of remove curse
 g - 2 scrolls of enchant armour {unknown}
 i - a scroll of recharging {unknown}
 o - a scroll of teleportation {unknown}
 p - a scroll of random uselessness {unknown}
Potions
 e - a potion of heal wounds {unknown}
 j - a potion of beneficial mutation {unknown}
 k - 2 potions of haste {unknown}
 m - a potion of flight {unknown}
Books
 b - a book of Changes

   Spells                             Type                      Level
   a - Beastly Appendage              Transmutation                1
   b - Sticks to Snakes               Transmutation                2
   c - Spider Form                    Transmutation/Poison         3
   d - Ice Form                       Ice/Transmutation            4
   e - Blade Hands                    Transmutation                5
Comestibles
 c - 2 bread rations
 h - 2 fruits
 l - a meat ration
 n - a beef jerky


   Skills:
 - Level 1.0 Fighting
 - Level 2.0 Dodging
 - Level 3.0 Unarmed Combat
 - Level 2.0 Spellcasting
 - Level 4.1 Transmutations
 + Level 0.2 Poison Magic


You had 3 spell levels left.
You knew the following spells:

 Your Spells              Type           Power        Failure   Level  Hunger
a - Beastly Appendage     Tmut           ##....       4%          1    #......
b - Spider Form           Tmut/Pois      #.........   30%         3    ###....


Dungeon Overview and Level Annotations

Branches:
Dungeon (2/15)

Altars:
Ashenzari


Innate Abilities, Weirdness & Mutations

You cannot wear most types of armour.
You are very stealthy in the water. (Stealth+)
You are amphibious.
You can wear up to eight rings at the same time.
You can use your tentacles to constrict eight enemies at once.
Your skin changes colour to match your surroundings (Stealth+).
Your rubbery body absorbs attacks. (AC +1, EV +1)


Message History

You choke on the stench!
You are more confused.
The adder bites you.
Unknown command.
You closely miss the adder. The adder bites you.
* * * LOW HITPOINT WARNING * * *
The adder bites you.
* * * LOW HITPOINT WARNING * * *
You are poisoned.
The adder poisons you!
You feel sick. The adder bites you.
* * * LOW HITPOINT WARNING * * *
The adder misses you.
There is a large open door here.
You bump into the rock wall.
* * * LOW HITPOINT WARNING * * *
You feel sick. The adder closely misses you. The adder misses you.
You bump into the rock wall.
The adder misses you. The adder bites you.
You die...

#.## ##+#########.## #..#
##...##........# #####(####
##.....#.#####..# ##..((....#
##........# #....#
#.........###.........###....#
#...........+.........'.......
#...†)..w.###.........###....#
#.......#.##.................#
#.......#.##.@#.....#####.####
#.....w.####'S###..## #.####
#........#≈≈.†≈≈#'## #.#...
####.#####≈....≈#.# #.....
#.....#≈..#.≈#.# ###...
#.#####≈.#..≈#.## ##.# #.#
#≈$...≈#..## #.# #.#
#≈≈..≈≈#...# #.# #.#
###++###..## #.#


You could see an adder.

Vanquished Creatures
  An adder (D:2)
  A dart slug (D:2)
  3 leopard geckos
  5 bats
  7 goblins
  8 hobgoblins
  A quokka (D:2)
  2 frilled lizards
  7 kobolds
  3 rats
38 creatures vanquished.

Notes
Turn   | Place    | Note
-------+----------+-------------------------------------------
     0 | D:1      | miragecloak the Octopode Transmuter began the quest for the Orb.
     0 | D:1      | Reached XP level 1. HP: 13/13 MP: 3/3
    83 | D:1      | Reached XP level 2. HP: 17/18 MP: 3/5
   547 | D:1      | Reached skill level 3 in Transmutations
  1004 | D:1      | Reached XP level 3. HP: 23/23 MP: 4/6
  1013 | D:1      | Learned a level 3 spell: Spider Form
  1282 | D:2      | Found a shattered altar of Ashenzari.
  1295 | D:2      | Became a worshipper of Ashenzari the Shackled
  1319 | D:2      | Reached skill level 4 in Transmutations
  1676 | D:2      | Reached XP level 4. HP: 14/28 MP: 3/7
  1682 | D:2      | HP: 1/28 [poisoned by an adder]
  1684 | D:2      | Slain by an adder

Skill      XL: |  1  2  3 |
---------------+----------+-----
Transmutations | 3 4 |  4.1
Fighting       | |  1.0
Dodging        | |  2.0
Unarmed Combat | |  3.0
Spellcasting   | |  2.0
Poison Magic   | |  0.2

Action                   |  1- 3 |  4- 6 || total
-------------------------+-------+-------++-------
Melee: Unarmed           |    94 |     3 ||    97
       Constrict         |    26 |       ||    26
       Kick              |    21 |       ||    21
       Tentacles         |    12 |       ||    12
       Punch             |     1 |       ||     1
 Cast: Beastly Appendage |    34 |       ||    34
 Stab: Sleeping          |     4 |       ||     4
  Eat: Fruit             |     1 |       ||     1
       Chunk             |     1 |       ||     1
Armor: Skin              |     6 |       ||     6
Dodge: Dodged            |    75 |     5 ||    80
